 Dungeon Crawl Stone Soup version 0.25.0-46-gbd7b0854d2 (webtiles) character file.

Game seed: 12931619921027616361

602 Revguard the Slasher (level 7, -5/42 HPs)
             Began as a Gargoyle Gladiator on July 12, 2020.
             Slain by Blork the orc
             ... wielding a +0 battleaxe
              (8 damage)
             ... on level 4 of the Dungeon.
             The game lasted 00:13:33 (2400 turns).

Revguard the Slasher (Gargoyle Gladiator)           Turns: 2400, Time: 00:13:34

Health: -5/42      AC: 20    Str: 17      XL:     7   Next: 41%
Magic:  7/7        EV: 12    Int:  9      God:
Gold:   172        SH:  0    Dex: 17 (19) Spells: 6/6 levels left

rFire    . . .     SeeInvis .   a - +0 long sword
rCold    . . .     Gourm    .   (no shield)
rNeg     + . .     Faith    .   h - +0 ring mail (curse)
rPois    ∞         Spirit   .   c - +1 helmet
rElec    +         Reflect  .   x - +0 cloak
rCorr    .         Harm     .   (no gloves)
MR       .....                  m - +1 pair of boots
Stlth    +.........             (no amulet)
HPRegen  0.14/turn              k - +6 ring of dexterity
MPRegen  0.10/turn              o - +4 ring of protection

@: no status effects
A: negative energy resistance 1, electricity resistance, unbreathing,
petrification resistance, rot immunity, AC +4
a: no special abilities


You were on level 4 of the Dungeon.
You were not hungry.

You visited 1 branch of the dungeon, and saw 4 of its levels.

You collected 172 gold pieces.

Inventory:

Hand Weapons
 a - a +0 long sword (weapon)
 y - a +0 broad axe of electrocution
Missiles
 b - 2 boomerangs (quivered)
 d - 3 throwing nets
Armour
 c - a +1 helmet (worn)
 h - a cursed +0 ring mail (worn)
 m - a +1 pair of boots (worn)
 x - a +0 cloak (worn)
Jewellery
 k - a +6 ring of dexterity (left hand)
 o - a +4 ring of protection (right hand)
 r - an uncursed amulet of guardian spirit {unknown}
Wands
 w - a wand of flame (12)
Scrolls
 e - 2 scrolls of enchant armour
 g - a scroll of immolation {unknown}
 j - 5 scrolls of identify {unknown}
 l - a scroll of fear {unknown}
 q - a scroll of enchant weapon {unknown}
 s - a scroll of magic mapping {unknown}
 t - a scroll of noise {unknown}
Comestibles
 f - 6 rations


   Skills:
 * Level 3.6 Fighting
 + Level 5.2 Long Blades
 + Level 3.1 Throwing
 * Level 3.4 Armour
 + Level 3.3 Dodging


You had 6 spell levels left.
You didn't know any spells.
Your spell library contained the following spells:

 Spells                   Type           Power        Failure   Level  Hunger
 Corona                   Hex            #......      58%         1    ##.....
 Ensorcelled Hibernation  Hex/Ice        #.....       73%         2    ###....
 Confusing Touch          Hex            #.......     91%         3    ####...
 Dazzling Flash           Conj/Hex       #.....       91%         3    ####...
 Tukima's Dance           Hex            #.......     91%         3    ####...


Dungeon Overview and Level Annotations

Branches:
Dungeon (4/15)
 Temple: D:4-7

Altars:
Gozag
Qazlal
Trog
Wu Jian

Annotations:
D:4 2 runed translucent doors, Blork the orc; wojtek's ghost, novice MiFi


Innate Abilities, Weirdness & Mutations

You are resistant to torment.
Your stone body is resilient. (AC +4)
You are immune to poison.
You resist negative energy. (rN+)
You are resistant to electric shocks. (rElec)
You can survive without breathing.
You are immune to petrification.
You are immune to rotting.


Message History

The orc wizard hits you but does no damage.
Blork the orc closely misses you.
You hit Blork the orc.
Blork the orc is heavily wounded.
The orc wizard completely misses you.
Blork the orc hits you with a +0 battleaxe.
* * * LOW HITPOINT WARNING * * *
The orc wizard hits you but does no damage.
The orc priest hits you but does no damage.
You barely miss Blork the orc.
Blork the orc is heavily wounded.
The orc wizard hits you but does no damage.
Blork the orc looks braver for a moment.
The orc priest mumbles some strange prayers to Beogh against you.
Beogh smites you!
* * * LOW HITPOINT WARNING * * *
The orc wizard gestures at you while chanting.
The magic dart hits you but does no damage.
Blork the orc hits you with a +0 battleaxe!
You die...

.!##....# ......P.# #######
........# #.....## ........#
#......## .......)# #.......##
.......†# #........# #
.......o######...##+##
##########+###.o@...#...#S≈≈#
##......#....#.o....'...# ≈≈#
##......#....#......##### ≈###
........#....#..........#≈≈≈#.#
........#....#...(......#≈?≈#.#
........'....#..........#≈≈≈#.#
........#....#..........#≈≈≈#.#
##.....###...#..........#ww≈#.#
##.....###...#######....#FW≈#.#


You could see Blork the orc (fast), an orc priest and an orc wizard (fast).

Vanquished Creatures
  Sigmund (D:2)
  A scorpion (D:4)
  3 electric eels (D:3)
  2 orc priests (D:4)
  A hound (D:4)
  Crazy Yiuf (D:3)
  Natasha (thrice) (D:3)
  An iguana (D:3)
  A gnoll (D:1)
  An adder (D:3)
  An ooze (D:2)
  A worm (D:2)
  2 leopard geckos
  2 orcs
  A ball python (D:1)
  2 giant cockroaches
  7 goblins
  2 hobgoblins
  A quokka (D:2)
  4 bats
  7 frilled lizards
  7 kobolds
  10 rats
62 creatures vanquished.

Notes
Turn   | Place    | Note
-------+----------+-------------------------------------------
     0 | D:1      | Revguard the Gargoyle Gladiator began the quest for the
                  | Orb.
     0 | D:1      | Reached XP level 1. HP: 12/12 MP: 1/1
   122 | D:1      | Reached skill level 3 in Long Blades
   122 | D:1      | Reached XP level 2. HP: 15/18 MP: 2/2
   338 | D:1      | Reached XP level 3. HP: 22/22 MP: 3/3
   849 | D:2      | Found an opulent altar of Gozag.
   872 | D:2      | Found a stormy altar of Qazlal.
   926 | D:2      | Found a bloodstained altar of Trog.
   941 | D:2      | Noticed Sigmund
   952 | D:2      | Killed Sigmund
   952 | D:2      | Reached skill level 4 in Long Blades
   952 | D:2      | Reached skill level 1 in Armour
   952 | D:2      | Reached XP level 4. HP: 27/27 MP: 4/4
   952 | D:2      | Reached XP level 5. HP: 31/31 MP: 5/5
  1156 | D:3      | Found a transporter.
  1257 | D:3      | Found a transporter.
  1395 | D:3      | Noticed Natasha
  1404 | D:3      | Killed Natasha
  1404 | D:3      | Reached XP level 6. HP: 36/36 MP: 6/6
  1422 | D:3      | Found a runed translucent door.
  1423 | D:3      | Noticed Crazy Yiuf
  1435 | D:3      | Killed Crazy Yiuf
  1728 | D:3      | Found a faded altar of an unknown god.
  1778 | D:3      | Found an ornate altar of the Wu Jian Council.
  1889 | D:3      | Noticed Natasha
  2085 | D:3      | Killed Natasha
  2085 | D:3      | Reached XP level 7. HP: 41/41 MP: 7/7
  2088 | D:3      | Noticed Natasha
  2090 | D:3      | Killed Natasha
  2090 | D:3      | Reached skill level 5 in Long Blades
  2245 | D:4      | Found a runed translucent door.
  2249 | D:4      | Noticed wojtek's ghost (novice MiFi)
  2363 | D:4      | Found a runed translucent door.
  2381 | D:4      | Noticed Blork the orc
  2400 | D:4      | Slain by Blork the orc

Illustrated notes

Levels and vault maps discovered:
D:1:      wheals_arrival_linesprint, layout_basic
D:2:      layout_rooms, old_standard_altar,
          chequers_temple_overflow_statue_of_worship, uniq_sigmund
D:3:      gammafunk_steamed_eel, layout_loops_cross, lemuel_doored_altar,
          chequers_ecumenical_altar_grove, uniq_crazy_yiuf_cottage, uniq_natasha
D:4:      layout_gridville, kennysheep_mini, ebering_ghost_sewer_f,
          serial_forest, infiniplex_forest_straight_3, infiniplex_forest_end_1,
          infiniplex_forest_clump_double, infiniplex_forest_lined_room_,
          infiniplex_forest_straight_4, infiniplex_forest_clump_diagonal,
          infiniplex_forest_clump_diagonal,
          nicolae_gozag_cash_rules_everything_around_me, uniq_blork_the_orc

Skill      XL: |  1  2  3  4  5  6  7 |
---------------+----------------------+-----
Long Blades    | 3 4 5 |  5.2
Throwing       | 2 3 |  3.1
Armour         | 1 2 3 |  3.4
Dodging        | 3 |  3.3
Fighting       | 3 |  3.6

Action                   |  1- 3 |  4- 6 |  7- 9 || total
-------------------------+-------+-------+-------++-------
Melee: Long sword        |    63 |    61 |    18 ||   142
Throw: Boomerang         |    21 |    13 |    20 ||    54
  Use: Potion            |       |     2 |     5 ||     7
       Scroll            |       |     1 |       ||     1
 Stab: Invisible         |       |     3 |       ||     3
  Eat: Chunk             |       |     4 |     1 ||     5
Armor: Ring mail         |    20 |    17 |    19 ||    56
Dodge: Dodged            |    53 |    28 |    19 ||   100
       Rpst.: Long sword |    20 |     6 |     5 ||    31
